 Dungeon Crawl Stone Soup version 0.28-a0-674-gdaf460b524 (webtiles) character file.

Game seed: 4260711489997584368

249 andesha the Skirmisher (level 6, -13/40 HPs)
             Began as a Gargoyle Berserker on Oct 18, 2021.
             Was a Priest of Trog.
             Killed from afar by Ijyb (21 damage)
             ... with a bolt of acid
             ... on level 4 of the Dungeon.
             The game lasted 00:06:26 (3468 turns).

andesha the Skirmisher (Gargoyle Berserker)         Turns: 3468, Time: 00:06:27

Health: -13/40     AC:  6    Str: 23    XL:     6   Next: 12%
Magic:  6/6        EV: 12    Int:  7    God:    Trog [***...]
Gold:   283        SH:  0    Dex:  9    Spells: 5/5 levels left

rFire   . . .      SeeInvis .   a - +0 mace
rCold   . . .      Faith    .   (no shield)
rNeg    + . .      Spirit   .   b - +0 animal skin
rPois   ∞          Reflect  .   (no helmet)
rElec   +          Harm     .   (no cloak)
rCorr   .          Rampage  .   (no gloves)
Will    .....                   (no boots)
Stlth   +.........              (no amulet)
HPRegen 0.13/turn               (no ring)
MPRegen 0.10/turn               (no ring)

@: no status effects
A: sickness immunity, AC +4, negative energy resistance 1, electricity
resistance, torment resistance 1, petrification resistance
a: Renounce Religion, Berserk, Trog's Hand


You were on level 4 of the Dungeon.
You worshipped Trog.
Trog was most pleased with you.
You visited 1 branch of the dungeon, and saw 4 of its levels.

You collected 283 gold pieces.

Inventory:

Hand Weapons
 a - a +0 mace (weapon)
Armour
 b - a +0 animal skin (worn)
Scrolls
 c - 3 scrolls of identify
 d - a scroll of brand weapon
 i - 2 scrolls of amnesia {unknown}
 j - a scroll of fog {unknown}
 k - a scroll of noise {unknown}
 l - a scroll of enchant armour {unknown}
 m - a scroll of teleportation {unknown}
Potions
 e - a potion of degeneration {unknown}
 f - a potion of flight {unknown}
 g - 2 potions of might {unknown}
 h - a potion of lignification {unknown}
 n - a potion of curing {unknown}
 o - 2 potions of ambrosia {unknown}


   Skills:
 * Level 5.0 Fighting
 + Level 4.7 Maces & Flails
 + Level 2.3 Armour
 + Level 2.7 Dodging
 + Level 0.9 Stealth


You had 5 spell levels left.
You didn't know any spells.
Your spell library was empty.

Dungeon Overview and Level Annotations

Branches:
Dungeon (4/15)             Temple (0/1) D:4

Altars:
Nemelex Xobeh
Ru
The Shining One

Shops:
D:3 (?!(?

Annotations:
D:4 1 runed translucent door, Crazy Yiuf, Ijyb


Innate Abilities, Weirdness & Mutations

You are immune to sickness and miasma.
Your stone body is resilient. (AC +4)
You are immune to poison.
You resist negative energy. (rN+)
You are resistant to electric shocks. (rElec)
You are resistant to unholy torment.
You are immune to petrification.


Message History

You feel yourself speed up.
Ijyb zaps a wand.
The bolt of acid misses the orc.
The bolt of acid misses you. The orc closely misses you.
Ijyb zaps a wand.
The bolt of acid misses the orc.
The bolt of acid misses you.
Hit: a) +0 mace
Press: ? - help, Dir - move target, f/p - orc
Aim: an orc, wielding a +4 dagger (about 40% to evade your +0 mace)
You barely miss the orc. The orc closely misses you.
The orc hits you with a +4 dagger.
* * * LOW HITPOINT WARNING * * *
Hit: a) +0 mace
Press: ? - help, Dir - move target, f/p - orc
Aim: an orc, wielding a +4 dagger (about 40% to evade your +0 mace)
You closely miss the orc.
Ijyb zaps a wand.
The bolt of acid hits the orc!!
The orc dies!
The bolt of acid misses you.
Hit: a) +0 mace
Press: ? - help, Dir - move target, f - orc
Aim: an orc, wielding a +0 dagger and wearing a +0 scale mail (about 36% to evade your +0 mace)
You completely miss the orc.
Ijyb zaps a wand.
The bolt of acid hits the orc!!!
The acid corrodes the orc!
The orc dies!
The bolt of acid misses you. Ijyb barely misses you.
Items here: )) [ †.
Hit: a) +0 mace
Press: ? - help, Dir - move target, f - Ijyb
Aim: Ijyb, wielding a +0 club, wearing a +2 scale mail of cold resistance and carrying a wand of acid (1) (about 43% to evade your +0 mace)
You hit Ijyb but do no damage. Ijyb hits you with a +0 club.
* * * LOW HITPOINT WARNING * * *
Hit: a) +0 mace
Press: ? - help, Dir - move target, f/p - Ijyb
Aim: Ijyb, wielding a +0 club, wearing a +2 scale mail of cold resistance and carrying a wand of acid (1) (about 43% to evade your +0 mace)
The orc shouts!
You hit Ijyb.
Ijyb is lightly wounded.
You recover from your berserk rage.
You are no longer corroded.
Ijyb zaps a wand.
The bolt of acid hits you!!
Ouch! That really hurt!
You die...

##.#.#. #.#.# #...!...
..#.#.# o.#. ##.####.
...... ... #.# #.
#.>.#.##.# #.# #.
..#....# #.# #.
#....#.# #.# ##
#.##.#.##)#.# #.# ###
#...(......g####
#.###..
..)##.#.#.#.@..#
##...#.≈ ..
#[#.#.##(#######....#.≈
!..
......##...).....####.≈
... ##..........#######
#.. .. #.##.#####.# ###
# #.##.# #.# #.##.# #.#
.. #.# #.#


You could see Ijyb and an orc.

Vanquished Creatures
  An ogre (D:4)
  A hound (D:4)
  An iguana (D:3)
  3 adders
  A worm (D:2)
  4 dart slugs
  An orc (D:4)
  9 ball pythons
  4 endoplasms
  A giant cockroach (D:3)
  9 goblins
  8 hobgoblins
  4 jackals (D:2)
  4 kobolds
  4 quokkas
  3 bats
  3 frilled lizards
  9 rats
70 creatures vanquished.

Vanquished Creatures (others)
  3 orcs (D:4)
3 creatures vanquished.

Grand Total: 73 creatures vanquished

Notes
Turn   | Place    | Note
-------+----------+-------------------------------------------
     0 | D:1      | andesha the Gargoyle Berserker began the quest for the Orb.
     0 | D:1      | Reached XP level 1. HP: 14/14 MP: 1/1
   271 | D:1      | Reached XP level 2. HP: 13/19 MP: 2/2
   764 | D:1      | Found a faded altar of an unknown god.
   962 | D:1      | Reached XP level 3. HP: 21/24 MP: 3/3
   971 | D:1      | Reached ** piety under Trog
  1286 | D:2      | Reached skill level 4 in Fighting
  1807 | D:2      | Reached XP level 4. HP: 23/29 MP: 4/4
  2542 | D:3      | Found Qibbedar's Magic Scroll Shoppe.
  2629 | D:3      | Found Bereaw's Weapon Shoppe.
  2665 | D:3      | Found Hielos's Distillery.
  2675 | D:3      | Reached XP level 5. HP: 22/34 MP: 5/5
  2830 | D:3      | Found Ededie's Magic Scroll Shoppe.
  2941 | D:3      | Found Niemoow's Antique Weapon Boutique.
  2956 | D:3      | Found a large runed translucent door.
  2957 | D:3      | Found a large runed translucent door.
  3141 | D:3      | Found a glowing golden altar of the Shining One.
  3151 | D:3      | Found a sparkling altar of Nemelex Xobeh.
  3162 | D:3      | Reached *** piety under Trog
  3292 | D:4      | Found a runed translucent door.
  3293 | D:4      | Noticed Crazy Yiuf
  3380 | D:4      | Found a sacrificial altar of Ru.
  3418 | D:4      | Found a staircase to the Ecumenical Temple.
  3424 | D:4      | Noticed an ogre
  3444 | D:4      | Killed an ogre
  3445 | D:4      | Reached skill level 5 in Fighting
  3445 | D:4      | Reached XP level 6. HP: 40/40 MP: 6/6
  3455 | D:4      | Noticed Ijyb
  3468 | D:4      | Killed from afar by Ijyb

Illustrated notes

Levels and vault maps discovered:
D:1:      onia_arrival_pyramid, layout_basic, hellmonk_ecumenical_altar_blasted,
          dk_noncrumbling_3
D:2:      layout_basic
D:3:      layout_basic, jmf_multi_god_temple2, serial_shops,
          nicolae_square_shop, shop_coins, shop,
          nicolae_shop_competitors_out_of_business, nicolae_shop_statue_plus
D:4:      layout_loops_ring, mainiacjoe_overflow_alcove_4,
          minmay_temple_entry_ruins, hex_medium, minmay_mini_ossuary, uniq_ijyb,
          uniq_crazy_yiuf_cottage, uniq_robin

Skill      XL: |  1  2  3  4  5 |
---------------+----------------+-----
Dodging        | 2 |  2.7
Fighting       | 4 5 |  5.0
Maces & Flails | 4 |  4.7
Armour         | |  2.3
Stealth        | |  0.9

Action                   |  1- 3 |  4- 6 || total
-------------------------+-------+-------++-------
Melee: Mace              |   122 |   104 ||   226
Invok: Berserk           |     1 |     1 ||     2
  Use: Scroll            |       |     2 ||     2
 Stab: Distracted        |       |     1 ||     1
Armor: Animal skin       |    49 |    37 ||    86
Dodge: Dodged            |    84 |    69 ||   153

Table legend: (Time is in decaauts)
 A = Elapsed time spent in this place.
 B = Non-inter-level travel time spent in this place.
 C = Inter-level travel time spent in this place.
 D = Time resting spent in this place.
 E = Time spent auto-exploring this place.
 F = Levels seen in this place.
 G = Mean time per level.
                   A        B        C        D        E       F      G
               +--------+--------+--------+--------+--------+-----+--------+
         Total |   3527 |   3493 |     34 |    716 |   2160 |   4 |  881.8 |
       Dungeon |   3527 |   3493 |     34 |    716 |   2160 |   4 |  881.8 |
               +--------+--------+--------+--------+--------+-----+--------+

Top non-repeatable levels by time:
     D:2: 1267 daAuts
     D:1: 1229 daAuts
     D:3: 745 daAuts
     D:4: 285 daAuts
